[Event "*** Titled Tuesday Blitz"]
[Site "Chess.com"]
[Date "2020.11.03"]
[Round "8"]
[White "swimmerchess"]
[Black "GMTalks_Youtube"]
[Result "1-0"]
[WhiteElo "2842"]
[BlackElo "2596"]
[TimeControl "180+1"]
[EndTime "11:32:58 PST"]
[Termination "swimmerchess won by checkmate"]

1. e4 e5 2. Nf3 Nc6 3. Bb5 a6 4.
Ba4 Nf6 5. O-O Be7 6. Re1 b5 7. Bb3 O-O 8. a3 d6 9. c3 Na5 10. Ba2 c5 11. d4 Qc7 12. Bg5 h6 13. Bh4 Bg4 14. Nbd2 Rac8 15. h3 Bh5 16. Rc1 Nc6 17.
d5 Nb8 18. c4 Nh7 19. Bxe7 Qxe7 20. g4 Bg6 21. b4 Nd7 22. Qe2 Rb8 23. Nb3 cxb4 24.
axb4 bxc4 25. Na5 Qf6 26. Nc6 Rb6 27. Bxc4 h5 28. Qe3 hxg4 29. hxg4 Qf4 30. Qxf4 exf4 31. Nfd4 f6 32. f3 Ng5 33. Kg2 Ne5 34. Be2 Be8 35. Ne7+ Kf7 36. Nef5 g6 37. Rc7+ Bd7 38. Ne6 gxf5 39.
Nxf8 Kxf8 40. gxf5 Rxb4 41. Bxa6 Rb2+ 42. Re2 Rb3 43. Ra2 Ngxf3 44. Be2 Nh4+ 45. Kh2 Ke7 46. Bh5 Nhf3+ 47. Kg2 Ng5 48. Ra8 Rg3+ 49. Kf2 Nxe4+ 50. Ke2 Re3+ 51. Kd1 f3 52. Re8# 1-0

[Event "*** Titled Tuesday Blitz"]
[Site "Chess.com"]
[Date "2020.11.03"]
[Round "8"]
[White "SergeyShtyka"]
[Black "NiranjanNavalgund"]
[Result "1-0"]
[WhiteElo "2367"]
[BlackElo "2425"]
[TimeControl "180+1"]
[EndTime "11:33:00 PST"]
[Termination "SergeyShtyka won on time"]

1. e4 e5 2. Nf3 Nc6 3. Nc3 Nf6 4. Bb5 Bb4 5. O-O O-O 6. d3 d6 7. Bxc6 bxc6 8. Bg5 Bxc3 9. bxc3 Qe7 10. h3 c5 11.
c4 h6 12. Bh4 Qe6 13. Rb1 Nh7 14. Nh2 f5 15. exf5 Rxf5 16. Ng4 Bd7 17. Ne3 Rf7 18. Nd5 Bc6 19. Ne3 Raf8 20. Bg3 Ng5 21. Qh5 Kh7 22. Kh2 g6 23. Qg4 Qe7 24. Bh4 Rf4 25. Bxg5 hxg5 26.
Qg3 Kg7 27. f3 Kh6 28. Ng4+ Kg7 29. a3 Qe6 30. Rf2 Rh8 31. Re1 Qe7 32. Re3 Qf7 33.
Rfe2 Rf5 34. c3 Rb8 35. d4 cxd4 36. cxd4 e4 37. fxe4 Rf1 38. Rf2 Rxf2 39. Qxf2 Qxf2 40. Nxf2 Rb2 41. Kg3 Rd2 42. d5 Ba4 43. e5 dxe5 44.
Rxe5 Kf7 45. Rxg5 Ra2 46. Ne4 Rxa3+ 47. Kf4 Rd3 48. Nc5 Rd4+ 49. Ke5 Rxc4 50. Ne6 Bc2 51.
Nd4 Bb1 52. Rg3 a5 53. Rf3+ Kg7 54. Ne6+ Kh6 55. g4 a4 56. Rf8 g5 57. Kf6 Rc1 58. Rh8+ Bh7 59. Nd4 Rf1+ 60. Nf5+ 1-0

[Event "*** Titled Tuesday Blitz"]
[Site "Chess.com"]
[Date "2020.11.03"]
[Round "8"]
[White "BlackBoarder"]
[Black "zmeeed67"]
[Result "1/2-1/2"]
[WhiteElo "2525"]
[BlackElo "2363"]
[TimeControl "180+1"]
[EndTime "11:33:02 PST"]
[Termination "Game drawn by agreement"]

1. e4 Nc6 2. Nf3 d6 3. h3 Nf6 4. Nc3 e5 5. d4 Be7 6. Bb5 exd4 7.
Nxd4 Bd7 8. Bxc6 bxc6 9. O-O O-O 10. Qf3 Rb8 11. Rd1 c5 12. Nf5 Bxf5 13. Qxf5 Qd7 14. Nd5 Rbd8 15. Nxe7+ Qxe7 16. Bg5 Qe6 17. Qf3 Rfe8 18.
Bxf6 Qxf6 19. Qxf6 gxf6 20. f3 Rb8 21. b3 c4 22. Rd5 Re5 23. Rad1 cxb3 24. axb3 Rb6 25. Kf2 Rc6 26. c4 Rb6 27. R1d3 a5 28. Ke3 Kf8 29. Kd2 Ke7 30. Kc3 c6 31. Rxe5+ fxe5 32. Rd2 Ra6 33.
Ra2 c5 34. g3 Ke6 35. f4 f5 36. exf5+ Kxf5 37. Rf2 a4 38. g4+ Kf6 39. fxe5+ Kxe5 40. Rf7 a3 41. Rf1 a2 42. Ra1 Kf4 43. b4 cxb4+ 44.
Kxb4 Kg3 45. Kb5 Ra8 46. Kc6 Kxh3 47. Kxd6 Kxg4 48. c5 h5 49. c6 h4 50. c7 h3 51.
Rxa2 Rc8 52. Ra4+ Kg3 53. Ra3+ Kg2 54. Ra2+ Kg1 1/2-1/2

[Event "*** Titled Tuesday Blitz"]
[Site "Chess.com"]
[Date "2020.11.03"]
[Round "8"]
[White "AurumO"]
[Black "PawnEatingZombie"]
[Result "0-1"]
[WhiteElo "1956"]
[BlackElo "2162"]
[TimeControl "180+1"]
[EndTime "11:33:03 PST"]
[Termination "PawnEatingZombie won by resignation"]

1. e4 c6 2. d4 d5 3. exd5 cxd5 4. c4 Nf6 5. Nc3 g6 6. Nf3 Bg7 7. Be3 dxc4 8. Bxc4 O-O 9. h3 Nc6 10. O-O b6 11.
Qe2 Bb7 12. Rfd1 Rc8 13. a3 Na5 14. Ba2 Nd5 15. Rac1 Nxc3 16. bxc3 Qd6 17. c4 Qxa3 18. c5 Bxf3 19. gxf3 bxc5 20. dxc5 Qa4 21. Bc4 Nxc4 22. Rxc4 Qc6 23. Bf4 Qf6 24. Bg3 h5 25. Rd7 a5 26.
Qxe7 Qxe7 27. Rxe7 Ra8 28. Ra4 Rfc8 29. Rc7 Bf8 30. Rxa5 Rxa5 31. Rxc8 Rxc5 32. Re8 Rd5 33. Kg2 Kg7 34. Be5+ f6 35. Bg3 Bc5 36. h4 g5 37.
Rc8 Kg6 38. Rg8+ Kf7 39. Rh8 gxh4 40. Bxh4 Bd4 41. Rh7+ Ke6 42. Rh6 Ra5 43. Rg6 Kf7 44. Rh6 Kg7 45. Rxh5 Rxh5 46. Kg3 Rh8 47. f4 Re8 48. f3 Kg6 49. Kg4 f5+ 50. Kg3 Rc8 51.
Bg5 Bf6 52. Kh4 Bxg5+ 53. fxg5 Rc4+ 54. f4 Rxf4+ 55. Kg3 Rg4+ 56. Kf3 Rxg5 0-1

[Event "*** Titled Tuesday Blitz"]
[Site "Chess.com"]
[Date "2020.11.03"]
[Round "8"]
[White "mishanick"]
[Black "exoticprincess"]
[Result "0-1"]
[WhiteElo "3013"]
[BlackElo "2900"]
[TimeControl "180+1"]
[EndTime "11:33:04 PST"]
[Termination "exoticprincess won by resignation"]

1. c4 c6 2. d4 d5 3. Nf3 Nf6 4. Nc3 dxc4 5. a4 a5 6. e3 Bg4 7. Bxc4 e6 8. h3 Bh5 9. g4 Bg6 10. Ne5 Nbd7 11. Nxg6 hxg6 12. Qf3 Qb6 13. O-O Bb4 14.
Ne2 O-O 15. b3 Rad8 16. Bb2 Qc7 17. Rac1 g5 18. Rfd1 Qd6 19. Ng3 Ba3 20. Bxa3 Qxa3 21. e4 Nb6 22. Qe3 Nh7 23. Be2 Qb4 24. Rc5 Nd7 25.
Rc4 Qb6 26. d5 Qxe3 27. fxe3 exd5 28. exd5 Nb6 29. Rc5 Nxd5 30. Kf2 Ra8 31. Bc4 Nhf6 32. Kf3 Nd7 33. Rcxd5 cxd5 34. Rxd5 Nb6 35. Rxg5 Nxc4 36. bxc4 Rfd8 37. c5 Rd1 38. Nf5 g6 39. Nd6 b6 40.
Ne4 bxc5 41. Rxc5 Ra1 42. Nc3 Rc1 43. e4 Rd8 44. Ke3 Kg7 45. h4 Rdd1 46. h5 Rc2 47. hxg6 Kxg6 48. Rc8 Kg7 49. Rc6 Ra1 50. Kd3 Rcc1 51.
Rc5 Ra3 52. Kd2 Rg1 53. Rxa5 Rg2+ 54. Ne2 Ra2+ 55. Ke3 Rgxe2+ 56. Kf4 Rf2+ 57. Ke5 Ra1 58. g5 Rfa2 59. Kf5 Rxa4 0-1

[Event "*** Titled Tuesday Blitz"]
[Site "Chess.com"]
[Date "2020.11.03"]
[Round "8"]
[White "GelmanAlexander"]
[Black "1stSecond"]
[Result "1-0"]
[WhiteElo "2598"]
[BlackElo "2744"]
[TimeControl "180+1"]
[EndTime "11:33:04 PST"]
[Termination "GelmanAlexander won by resignation"]

1. d4 Nf6 2. Nc3 d5 3. Bf4 c6 4. f3 Bf5 5. g4 Bg6 6. h4 h5 7. g5 Nfd7 8. e4 e6 9. Nge2 Na6 10. a3 Be7 11. Bg3 dxe4 12. fxe4 e5 13. Bh3 O-O 14. Bxd7 Qxd7 15. Bxe5 c5 16. d5 Rfe8 17. Qd2 Qg4 18. Qf4 Bf8 19. Ng3 Rxe5 20. Qxe5 Rd8 21. Nf5 Nb8 22. Rf1 Nd7 23. Qf4 Bxf5 24. Qxf5 Qxh4+ 25. Kd2 Qh2+ 26. Rf2 Qh4 27. Qxf7+ Kh7 28. Raf1 Qxg5+ 29. Kd1 Bd6 30. Rf5 Qg4+ 31. Kc1 Kh6 32. Rh1 Nf6 33.
Rxf6+ gxf6 34. Qxf6+ Qg6 35. Qxd8 Bf4+ 36. Kb1 Be5 37.
Qf8+ Bg7 38. Qf4+ Kh7 39. Rf1 b5 40. Qf5 b4 41. axb4 cxb4 42. Qxg6+ Kxg6 43. Nb5 Be5 44. c3 Bf6 45. cxb4 h4 46. d6 h3 47. d7 h2 48. e5 Be7 49. e6 Kg5 50. Nc7 a5 51.
Nd5 Bd8 52. e7 h1=Q 53. Rxh1 1-0

[Event "*** Titled Tuesday Blitz"]
[Site "Chess.com"]
[Date "2020.11.03"]
[Round "8"]
[White "MariaFominykh"]
[Black "sokidze"]
[Result "0-1"]
[WhiteElo "2340"]
[BlackElo "2544"]
[TimeControl "180+1"]
[EndTime "11:33:04 PST"]
[Termination "sokidze won on time"]

1. d4 Nf6 2. c4 e6 3. g3 c5 4. d5 exd5 5. cxd5 d6 6. Nc3 g6 7. Bg2 Bg7 8. e4 O-O 9. Nge2 Re8 10. a4 Nbd7 11. O-O a6 12. h3 c4 13. Bg5 Nc5 14. Nc1 Qb6 15. Qe2 Bd7 16. Qxc4 Rac8 17. Qa2 Nfxe4 18.
Nxe4 Nxe4 19. Be3 Qxb2 20. Qxb2 Bxb2 21. Rb1 Bg7 22. Rxb7 Bxa4 23. Nd3 Bb5 24. Bxe4 Rxe4 25. Rd1 Bd4 26. Bf4 Bxd3 27. Rxd3 Bc5 28. Kg2 a5 29. Rf3 a4 30. Bc1 f5 31. Ba3 Bxa3 32. Rxa3 Rc5 33. Ra7 Rxd5 34. R3xa4 Rxa4 35. Rxa4 Kg7 36. Ra7+ Kg8 37. Ra8+ Kg7 38. Ra7+ Kh6 39. Kf3 Re5 40. Kg2 Re6 41. Rd7 g5 42. Kf3 Kg6 43. g4 h6 44. gxf5+ Kxf5 45. Kg3 Ke5 46. Kf3 d5 47. Ke2 Ke4 48. Kd2 d4 0-1

[Event "*** Titled Tuesday Blitz"]
[Site "Chess.com"]
[Date "2020.11.03"]
[Round "8"]
[White "Semetey"]
[Black "GMG"]
[Result "0-1"]
[WhiteElo "2569"]
[BlackElo "2711"]
[TimeControl "180+1"]
[EndTime "11:33:05 PST"]
[Termination "GMG won on time"]

1. e4 c5 2. Nc3 d6 3. f4 g6 4. Bc4 Bg7 5. Nf3 Nc6 6. O-O Nf6 7. d3 O-O 8. Qe1 Rb8 9. a4 a6 10. Qh4 Nd4 11. Nxd4 cxd4 12. Ne2 d5 13. exd5 Nxd5 14.
f5 Bxf5 15. Rxf5 gxf5 16. Bh6 Bxh6 17. Qxh6 Nf6 18. Qg5+ Kh8 19. Qxf5 b5 20. axb5 axb5 21. Bb3 Qd6 22. Rf1 Rbc8 23. Qxb5 Rc5 24. Qb4 Rd5 25. Qa4 Rh5 26. h3 Qe5 27. Rf2 Rh4 28. Kf1 Qe3 29.
Rf3 Qe5 30. Qb4 Kg7 31. Qe1 Rh5 32. Qf2 Rg5 33. Nxd4 Kh8 34. Ne2 Qxb2 35. Kg1 Qa1+ 36. Kh2 Qe5+ 37. Kg1 Qa1+ 38. Kh2 Qa8 39. Ng3 Qb8 40. Kh1 Rg7 41. Nf5 Rg6 42. Nxe7 Kg7 43. Nxg6 fxg6 44. Qd4 Qc7 45. Re3 Rd8 46. Qb4 Rd7 47.
Rf3 Re7 48. Qd2 Qe5 49. Qf2 h5 50. d4 Qd6 0-1

[Event "*** Titled Tuesday Blitz"]
[Site "Chess.com"]
[Date "2020.11.03"]
[Round "8"]
[White "Rakesh"]
[Black "Vuk2000"]
[Result "1-0"]
[WhiteElo "2484"]
[BlackElo "2632"]
[TimeControl "180+1"]
[EndTime "11:33:06 PST"]
[Termination "Rakesh won on time"]

1. e4 e6 2. d4 d5 3. Bd3 Be7 4. Nf3 dxe4 5. Bxe4 Nf6 6. Bd3 Nbd7 7. O-O b6 8. c3 Bb7 9. Qe2 O-O 10. Bg5 c5 11. Nbd2 cxd4 12. Nxd4 Nc5 13. Bc4 Nd5 14. Bxe7 Qxe7 15. N2f3 Rfd8 16. Rad1 Qf6 17. Qe5 Nf4 18. Qxf6 gxf6 19. Rfe1 Rac8 20. Nb5 Ne4 21. Nxa7 Rxd1 22. Rxd1 Rxc4 23. Rd7 Ba6 24. g3 Nd5 25. Nd4 Rc7 26. Rd8+ Kg7 27. Nac6 Bb7 28. Nb4 Nxb4 29. cxb4 Rc1+ 30.
Kg2 Ng5+ 31. f3 Nxf3 32. Nxe6+ fxe6 33. Rd7+ Kg6 34. Rxb7 Ne5 35. Rxb6 Rc2+ 36. Kf1 Rxb2 37. a4 Nd3 38. b5 e5 39. a5 e4 40. a6 Kf5 41.
Rb8 e3 42. Re8 Ne5 43. a7 e2+ 44. Kf2 Nd3+ 45. Kf3 Ne5+ 46. Rxe5+ Kxe5 47. Kf2 Rxb5 48. a8=Q Kf5 49. Qf3+ Kg6 50. Qd3+ 1-0

[Event "*** Titled Tuesday Blitz"]
[Site "Chess.com"]
[Date "2020.11.03"]
[Round "8"]
[White "Region_07"]
[Black "Ladislav1969"]
[Result "1-0"]
[WhiteElo "2454"]
[BlackElo "2337"]
[TimeControl "180+1"]
[EndTime "11:33:06 PST"]
[Termination "Region_07 won on time"]

1. d4 Nf6 2. Bg5 d5 3. Nf3 Nbd7 4. e3 g6 5. c4 Bg7 6. Nc3 c6 7. Rc1 O-O 8. Bd3 dxc4 9. Bxc4 Nb6 10. Be2 Be6 11.
O-O Bc4 12. Ne5 Bxe2 13. Qxe2 Nfd5 14. Nd3 Qc7 15. Bh4 Nxc3 16. Rxc3 Nd5 17. Rcc1 Rfd8 18. Bg3 Qa5 19. Nc5 Qb6 20. b3 e6 21. h4 h5 22. Na4 Qb4 23. Qb2 Qe7 24. Nc5 b6 25. Ne4 c5 26. Qd2 cxd4 27. exd4 Nf6 28. Ng5 Rd7 29.
Rfe1 Rad8 30. Rcd1 Ne8 31. Nf3 Nf6 32. Bf4 Nd5 33.
Bg5 Bf6 34. Qe2 Bxg5 35. Nxg5 Nf4 36. Qe4 Nd5 37. Qf3 Nf6 38. g3 Rxd4 39. Rxd4 Rxd4 40. Rc1 Rd8 41. Rc4 Nd5 42. Re4 Qf6 43.
Qd3 Nc3 44. Rf4 Rxd3 45. Rxf6 Nxa2 46. Rxf7 Rxb3 47. Rxa7 Nc3 48. Nxe6 Ne4 49. Rg7+ Kh8 50. Rxg6 Rb2 51. Rh6+ Kg8 52. Rxh5 1-0

[Event "*** Titled Tuesday Blitz"]
[Site "Chess.com"]
[Date "2020.11.03"]
[Round "8"]
[White "sjam6687"]
[Black "Skatchkov_V"]
[Result "1-0"]
[WhiteElo "2703"]
[BlackElo "2490"]
[TimeControl "180+1"]
[EndTime "11:33:07 PST"]
[Termination "sjam6687 won by resignation"]

1. e4 e5 2. Nf3 Nf6 3. Nxe5 d6 4. Nf3 Nxe4 5. Bd3 Nf6 6. O-O Be7 7. c3 O-O 8. Bc2 Bg4 9. d4 c6 10. Nbd2 Nbd7 11.
Nc4 Re8 12. Ne3 Bh5 13. Nf5 Bf8 14. Bf4 Nb6 15. h3 Qd7 16. Bg5 Ne4 17. Bxe4 Rxe4 18. Ng3 Bxf3 19. Qxf3 Re6 20. b3 d5 21. Nf5 Rae8 22. Ne3 Re4 23. Bf4 Bd6 24. Bxd6 Qxd6 25.
g3 Nd7 26. Rae1 Nf6 27. Re2 g6 28. Rfe1 Kg7 29. Ng2 a5 30. Nf4 a4 31. Nd3 axb3 32. axb3 Qa3 33. Nc5 Rxe2 34. Rxe2 Rxe2 35. Qxe2 b6 36.
Nd3 Qxb3 37. Nf4 Ne4 38. f3 Nxc3 39. Qe5+ Kh6 40. h4 Qb1+ 41. Kh2 Qf5 42. Qh8 Qc2+ 43. Kg1 Qd1+ 44. Kh2 Qc2+ 45. Kh3 Qf5+ 46. g4 Qc8 47.
Qxc8 1-0

[Event "*** Titled Tuesday Blitz"]
[Site "Chess.com"]
[Date "2020.11.03"]
[Round "8"]
[White "fcliverpul"]
[Black "albi1999"]
[Result "1-0"]
[WhiteElo "2407"]
[BlackElo "2563"]
[TimeControl "180+1"]
[EndTime "11:33:10 PST"]
[Termination "fcliverpul won on time"]

1. e4 c6 2. d4 d5 3. e5 Bf5 4.
h4 h5 5. c4 e6 6. Nc3 Ne7 7.
Nge2 Nd7 8. Bg5 Qb6 9. Qd2 dxc4 10. Ng3 Bd3 11. Bxd3 cxd3 12. Qxd3 f6 13. exf6 gxf6 14.
Be3 Qc7 15. Qe2 O-O-O 16. Nxh5 Nf5 17. O-O-O Re8 18. g4 Nd6 19. Bf4 Qa5 20. Kb1 Nf7 21.
Bg3 Bb4 22. Ne4 Be7 23. f3 f5 24. Nc3 Bb4 25. Rc1 Qb6 26. Ng7 Re7 27. gxf5 exf5 28.
Qd3 Nh6 29. Nd5 Qd8 30. Nxb4 Rxg7 31. Bf4 Qa5 32. Qb3 Nb6 33. Rc5 Qa4 34. Qc3 Rd7 35.
Rc1 Kd8 36. d5 Re8 37. dxc6 bxc6 38. Nxc6+ Kc8 39. Ne5+ Kb7 40. Nxd7 Qxf4 41. Nxb6 axb6 42. Rc7+ Kb8 43. Rc8+ Rxc8 44. Qxc8+ Ka7 45. Rc7+ Qxc7 46. Qxc7+ Ka6 47. Qf4 Kb7 48. Qxh6 b5 49. Qf6 b4 50. Qxf5 1-0

[Event "*** Titled Tuesday Blitz"]
[Site "Chess.com"]
[Date "2020.11.03"]
[Round "8"]
[White "PotapovaM"]
[Black "Nuvas"]
[Result "0-1"]
[WhiteElo "2591"]
[BlackElo "2332"]
[TimeControl "180+1"]
[EndTime "11:33:11 PST"]
[Termination "Nuvas won by resignation"]

1. d4 d5 2. c4 c6 3. Nf3 Nf6 4.
g3 Bg4 5. Ne5 Bf5 6. Qb3 Qb6 7. c5 Qxb3 8. axb3 a5 9. Nc3 e6 10.
b4 Nfd7 11. Nxd7 Kxd7 12. bxa5 Be7 13. f3 Na6 14. Kf2 Bd8 15. e4 dxe4 16. fxe4 Bg6 17.
Ra4 e5 18. Be3 exd4 19. Rxd4+ Ke7 20. Bh3 Re8 21. b4 Kf8 22. Rd7 Bf6 23. Ne2 Nxb4 24.
Rb1 Nc2 25. Bf4 Rxa5 26. Rbxb7 Ra2 27. Kf3 Bxe4+ 28. Kf2 Nd4 29. Rxf7+ Kg8 30. Bg4 Nxe2 31. Bxe2 Bd3 32. g4 Raxe2+ 33. Kg3 Bc4 34. Rfc7 Bd5 35.
h4 Bd4 36. g5 Rg2+ 37. Kh3 Rf2 38. Kg3 Rxf4 39. Kxf4 Be5+ 40. Kf5 Bxc7 41. Rxc7 Rf8+ 42. Ke5 g6 43. Rd7 Rf7 44. Rd8+ Kg7 45. Rd6 Re7+ 46. Kf4 Re4+ 47. Kg3 Rc4 48. Rd7+ Kg8 49. Rd8+ Kf7 50. Rd7+ Ke6 51. Rxh7 Rxc5 52. h5 gxh5 53. g6 Kf6 54. g7 Bg8 55. Rxh5 Rxh5 0-1

[Event "*** Titled Tuesday Blitz"]
[Site "Chess.com"]
[Date "2020.11.03"]
[Round "8"]
[White "Dr-Bassem"]
[Black "Aygehovit1992"]
[Result "1-0"]
[WhiteElo "2811"]
[BlackElo "2643"]
[TimeControl "180+1"]
[EndTime "11:33:14 PST"]
[Termination "Dr-Bassem won on time"]

1. e4 d6 2. d4 Nf6 3. Nc3 g6 4.
Bg5 Bg7 5. Qd2 h6 6. Bf4 g5 7. Bg3 Nh5 8. O-O-O c6 9. Be2 Nxg3 10. hxg3 b5 11.
f4 b4 12. Nb1 Be6 13. Qxb4 Nd7 14. f5 Bxa2 15. Nc3 c5 16. dxc5 Nxc5 17. Bb5+ Kf8 18.
Nxa2 Rb8 19. Qxc5 dxc5 20. Rxd8+ Rxd8 21. Ne2 Be5 22. Nac3 Kg7 23. g4 e6 24. Bc4 exf5 25.
exf5 Rhe8 26. b3 Bf6 27. Rh3 Rd6 28. Bd3 Be5 29. Ne4 Rc6 30. Bb5 Rec8 31. Bxc6 Rxc6 32. N2c3 c4 33. b4 a5 34. b5 Rb6 35. Rh1 a4 36. Kb1 Rb8 37. Rd1 h5 38. gxh5 Kh6 39.
g4 a3 40. Rd5 f6 41. Ka2 Rb7 42. Rc5 Rb8 43. Rxc4 Rd8 44. Kxa3 Ra8+ 45. Kb3 Ra1 46.
Rc6 Kg7 47. b6 Ra6 48. Nd5 Ra1 49. Nd2 Ra5 50. c4 Ra6 51. Nf3 Bg3 52. Rxf6 1-0

[Event "*** Titled Tuesday Blitz"]
[Site "Chess.com"]
[Date "2020.11.03"]
[Round "8"]
[White "aleksey1203borisovi4"]
[Black "Fins0905"]
[Result "1-0"]
[WhiteElo "2490"]
[BlackElo "2610"]
[TimeControl "180+1"]
[EndTime "11:33:14 PST"]
[Termination "aleksey1203borisovi4 won by resignation"]

1. g3 d5 2. Bg2 c6 3. d3 Nf6 4. Nc3 d4 5. Ne4 Nxe4 6. Bxe4 Nd7 7. Bg2 e5 8. Bd2 Be7 9. Nf3 O-O 10. O-O Re8 11. c3 c5 12. Re1 Bf8 13. Qc2 Nf6 14.
cxd4 exd4 15. e3 dxe3 16. Rxe3 Bf5 17. Rxe8 Nxe8 18. Ne5 Qc7 19. Re1 Rd8 20. Bc3 Qb6 21. Qa4 Qc7 22. Qxa7 f6 23. Ba5 Qb8 24. Qxb8 Rxb8 25.
Bd5+ Kh8 26. Nf7+ Kg8 27. Nh6+ Kh8 28. Nxf5 b6 29. Bxb6 g6 30. Ba7 Rd8 31. Ne3 Nc7 32. Bc4 Ra8 33. Bb6 Na6 34. Bxa6 Rxa6 35. Nc4 Kg7 36. a3 Ra8 37. f4 Kf7 38. Rd1 h5 39. Kf2 Ke6 40. Ke3 Kd5 41. Rc1 Re8+ 42. Kf3 g5 43. fxg5 fxg5 44. g4 h4 45. Ne3+ Kd4 46. Nf5+ Kxd3 47. Bxc5 Bxc5 48. Rxc5 Re1 49.
Rd5+ Kc2 50. Ne3+ Kb3 51. Rd2 Rh1 52. Ke4 h3 53. Kf5 Re1 54. Rd3+ Kxb2 55. Kxg5 Re2 56.
Nc4+ Kc2 57. Rd2+ Rxd2 58. Nxd2 Kxd2 59. Kh4 Ke2 60. Kxh3 Kf2 61. g5 Kf1 62. g6 Kg1 63. g7 Kh1 64. Kg3 1-0

[Event "*** Titled Tuesday Blitz"]
[Site "Chess.com"]
[Date "2020.11.03"]
[Round "8"]
[White "Agoking701"]
[Black "esapunov"]
[Result "0-1"]
[WhiteElo "2360"]
[BlackElo "2623"]
[TimeControl "180+1"]
[EndTime "11:33:14 PST"]
[Termination "esapunov won by resignation"]

1. e4 c5 2. Nf3 d6 3. Bb5+ Nd7 4. O-O a6 5. Be2 Ngf6 6. Nc3 b5 7. d3 Bb7 8. Ne1 e6 9. f4 Be7 10. Nf3 O-O 11.
Kh1 Rc8 12. Be3 Nb8 13. Qe1 Nc6 14. h3 Ba8 15. g4 d5 16. e5 d4 17. exf6 Bxf6 18.
Bd2 dxc3 19. Bxc3 Nd4 20. Bd1 Bxf3+ 21. Bxf3 Nxc2 22. Qd2 Nxa1 23. Rxa1 Bxc3 24. bxc3 Qd6 25. Qe3 Rfd8 26. Rd1 b4 27. c4 a5 28. f5 exf5 29.
gxf5 a4 30. Be4 Qf6 31. Rb1 Re8 32. Qg3 a3 33. Rg1 h6 34. h4 Rcd8 35. Rg2 Rd4 36. Qg4 Red8 37. Qg3 Re8 38. Qg4 Qe5 39. Qf3 Rxe4 40.
dxe4 Qxe4 41. Qg3 Qe1+ 42. Kh2 Qxg3+ 43. Kxg3 f6 44. Kf3 Re1 45. Rc2 h5 46. Kf2 Re4 47. Kf3 Rxh4 48. Kg3 Rg4+ 49. Kf3 Kh7 50. Rc1 Kh6 51.
Rc2 Kg5 52. Rc1 Kxf5 53. Ke3 h4 54. Rf1+ Kg5 55. Rh1 Rxc4 56. Kd3 Rc3+ 57. Kd2 h3 58. Rg1+ Kh5 59. Rh1 g5 60. Kd1 f5 61. Kd2 g4 62.
Kd1 f4 63. Kd2 Kh4 64. Kd1 g3 65. Kd2 g2 66. Re1 h2 67. Re8 g1=Q 68. Rh8+ Kg5 69.
Rg8+ Kf6 70. Rf8+ Ke7 71. Rxf4 Qe3+ 0-1

[Event "*** Titled Tuesday Blitz"]
[Site "Chess.com"]
[Date "2020.11.03"]
[Round "8"]
[White "BigAl"]
[Black "Fy_Rakotomaharo"]
[Result "0-1"]
[WhiteElo "2477"]
[BlackElo "2633"]
[TimeControl "180+1"]
[EndTime "11:33:17 PST"]
[Termination "Fy_Rakotomaharo won on time"]

1. e4 c5 2. Nc3 a6 3. g3 b5 4. Bg2 Bb7 5. d3 g6 6. Nf3 Bg7 7. O-O d6 8. Re1 Nc6 9. e5 dxe5 10. Ne4 Qb6 11. Be3 Nd4 12. c3 Bxe4 13. cxd4 cxd4 14. Bxd4 exd4 15. Rxe4 Rd8 16. Qb3 Nf6 17. Ng5 e6 18. Nxe6 Nxe4 19. Nxd8 Qxd8 20. Bxe4 O-O 21. Rc1 Qd6 22. Rc6 Qe7 23. Rxa6 Kh8 24. Qxb5 h5 25. Qb7 Qg5 26. h4 Qc5 27. Qc6 Qe5 28. Ra8 Kh7 29. Rxf8 Bxf8 30. Qd5 Qf6 31. Kg2 Kg7 32. a3 Qb6 33. b4 Be7 34. Qc4 Bf6 35. a4 Be7 36. b5 Bf8 37. Bd5 Qa7 38. Qc6 Bc5 39. Qe8 Bb4 40. b6 Qxb6 41. Qxf7+ Kh6 42. Qf4+ Kg7 43.
Qf7+ Kh6 44. Be4 Qd6 45. Qg8 Qe7 46. Qh8+ Qh7 47. Qxd4 Be7 48. Qe5 Qf7 49. a5 Bf6 50. Qf4+ Kg7 51. a6 Qa7 52. Bb7 Bd4 53. Qe4 Bxf2 54.
Qe5+ Kh7 55. Qe7+ Kh6 0-1

[Event "*** Titled Tuesday Blitz"]
[Site "Chess.com"]
[Date "2020.11.03"]
[Round "8"]
[White "pedromartinez91"]
[Black "anon481216"]
[Result "1-0"]
[WhiteElo "2596"]
[BlackElo "2402"]
[TimeControl "180+1"]
[EndTime "11:33:17 PST"]
[Termination "pedromartinez91 won on time"]

1. b3 e5 2. Bb2 Nc6 3. e3 Nf6 4. Nf3 e4 5. Nd4 Nxd4 6. Bxd4 d5 7. d3 exd3 8. Bxd3 Be7 9. Nd2 c5 10. Bb2 O-O 11. O-O b6 12. Nf3 Bb7 13. Qe2 Qd7 14. Rfd1 Qg4 15. Ne5 Qxe2 16. Bxe2 Rfd8 17. Bf3 Ne4 18.
Nd3 Bf6 19. Bxe4 Bxb2 20. Bxh7+ Kxh7 21. Nxb2 Rd6 22. Rd2 Rg6 23. g3 Re8 24. Rad1 Rge6 25. c3 Kg6 26. Nd3 Kf6 27. Nf4 Rd6 28. h4 Red8 29. g4 Ke5 30. Kh2 d4 31. cxd4+ cxd4 32. Kg3 Be4 33. f3 Bh7 34. e4 f6 35. Nd3+ Ke6 36.
Rc1 R6d7 37. Nb4 d3 38. Rc3 Rd4 39. Rcxd3 Rxd3 40. Rxd3 Rc8 41. Rd2 Rc3 42. h5 Bxe4 43.
Rf2 Bb7 44. Nc2 a5 45. Nd4+ Kf7 46. Nb5 Rd3 47. Kf4 Bc6 48. Na3 a4 49. Nc4 axb3 50. axb3 Rxb3 51. Ne3 b5 52. Rc2 Bd7 53. Rc7 Rd3 54. Ke4 Rd2 55. Nd5 Ke6 56. Nf4+ Kd6 57.
Ra7 Rb2 58. Ra6+ Bc6+ 59. Ke3 Rb3+ 60. Nd3 1-0

[Event "*** Titled Tuesday Blitz"]
[Site "Chess.com"]
[Date "2020.11.03"]
[Round "8"]
[White "emiliochess"]
[Black "PattyCastillo"]
[Result "1-0"]
[WhiteElo "2246"]
[BlackElo "1936"]
[TimeControl "180+1"]
[EndTime "11:33:17 PST"]
[Termination "emiliochess won on time"]

1. d4 d5 2. Bf4 Nf6 3. e3 e6 4.
Bd3 Bd6 5. Bg3 Ne4 6. Nd2 f5 7. Ngf3 O-O 8. Ne5 Nd7 9. f4 Ndf6 10. c3 a5 11. Bh4 Qe8 12. Bxf6 Rxf6 13. Qf3 b6 14. g4 Ba6 15. Bc2 Qb5 16. Rb1 Bxe5 17. dxe5 Rg6 18. Rg1 fxg4 19. Rxg4 Nxd2 20. Kxd2 Rxg4 21.
Qxg4 Re8 22. Rg1 Re7 23. Kc1 Qe2 24. Qxe2 Bxe2 25. Kd2 Bc4 26. b3 Bb5 27. e4 Bc6 28. Ke3 Rf7 29. Rd1 g6 30. exd5 Bxd5 31. Be4 Bxe4 32. Kxe4 Kg7 33. Rd8 h6 34. Re8 g5 35.
fxg5 hxg5 36. Rxe6 Rf2 37. Rc6 Rxa2 38. Rxc7+ Kg6 39. Rc6+ Kf7 40. Kf5 Rxh2 41. Rc7+ Ke8 42. Kxg5 Rc2 43. Kf6 b5 44. Ke6 Kd8 45. Rd7+ Kc8 46.
Rd3 Re2 47. Kd6 Kd8 48. Ke6+ Ke8 49. Rh3 Kd8 50. Rh8+ Kc7 51. Kf6 a4 52. bxa4 bxa4 53. Ra8 Re3 54. Rxa4 Rxc3 55. e6 Re3 56. Kf7 Kd6 57.
Ra6+ Kc7 58. e7 Rf3+ 59. Ke8 Re3 60. Ra4 Re6 61. Rc4+ Kd6 62. Rd4+ Kc7 63. Kf7 Re4 64. Rxe4 1-0

[Event "*** Titled Tuesday Blitz"]
[Site "Chess.com"]
[Date "2020.11.03"]
[Round "8"]
[White "pavelalexandru07"]
[Black "Crazy_girl99"]
[Result "0-1"]
[WhiteElo "2324"]
[BlackElo "2539"]
[TimeControl "180+1"]
[EndTime "11:33:18 PST"]
[Termination "Crazy_girl99 won by resignation"]

1. e4 e5 2. Nf3 Nc6 3. Bb5 a6 4. Ba4 Nf6 5. O-O b5 6. Bb3 Bb7 7. Re1 Bc5 8. c3 d6 9. d4 Bb6 10. Bg5 h6 11. Bh4 Qe7 12. d5 Nb8 13. a4 Nbd7 14. Qe2 Nc5 15. Nbd2 g5 16. Nxg5 hxg5 17. Bxg5 Rg8 18. h4 bxa4 19. Bxa4+ Nxa4 20. Rxa4 Qd7 21. b3 Nh7 22. Qh5 Nxg5 23. hxg5 O-O-O 24. Nc4 Qe7 25. Qh3+ Kb8 26. Nxb6 cxb6 27. Rb4 b5 28. c4 Qxg5 29. Rd1 Rh8 30. Qf3 Qh5 31. Qxh5 Rxh5 32. cxb5 Rdh8 33. Kf1 Rh1+ 34. Ke2 Rxd1 35. Kxd1 axb5 36. Rxb5 Kc7 37. Rb4 Rh2 38. Rc4+ Kb6 39. Rb4+ Kc7 40. Rc4+ Kd7 41. Ke1 Rxg2 42. Rb4 Bc8 43. Rb6 Rg6 44. Ke2 Kc7 45. Rc6+ Kb7 46. Ke3 Bd7 47. Rc4 f5 48. Rb4+ Kc7 49.
Rc4+ Kb6 50. Rb4+ Kc5 51. Rc4+ Kb5 52. Rc7 f4+ 53. Ke2 Bg4+ 54. f3 Bh3 55. Rb7+ Kc5 56. Rc7+ Kb4 57. Rb7+ Kc3 58. Rc7+ Kxb3 59. Rh7 Rg2+ 60.
Kd3 Rg3 61. Rb7+ Ka3 62. Ra7+ Kb4 63. Rb7+ Kc5 64. Rc7+ Kb5 65. Rb7+ Ka6 66. Rd7 Bxd7 0-1